 Dungeon Crawl Stone Soup version 0.22.0-25-g7663229 (webtiles) character file.

7834 KLATTERAL the Quickloader (level 11, -17/84 HPs)
             Began as a Human Hunter on Aug 19, 2018.
             Was a Believer of Kikubaaqudgha.
             Killed from afar by Erica (23 damage)
             ... with a bolt of poison
             ... on level 9 of the Dungeon on Aug 20, 2018.
             The game lasted 02:24:21 (12482 turns).

KLATTERAL the Quickloader (Human Hunter)           Turns: 12482, Time: 02:24:24

Health: -17/84     AC: 10    Str: 13    XL:     11   Next: 44%
Magic:  13/15      EV: 17    Int: 13    God:    Kikubaaqudgha [**....]
Gold:   322        SH:  3    Dex: 15    Spells: 10/16 levels left

rFire    + . .     SeeInvis .   s - +4 dagger (elec)
rCold    . . .     Gourm    .   (no shield)
rNeg     + . .     Faith    .   c - +1 leather armour
rPois    .         Spirit   .   B - +0 helmet
rElec    +         Reflect  +   h - +1 cloak
rCorr    .         Harm     .   k - +1 pair of gloves
MR       .....                  (no boots)
Stlth    ++........             J - +3 amulet of reflection
HPRegen  0.24/turn              i - ring of positive energy
MPRegen  0.14/turn              y - ring of fire

@: lethally poisoned (-17 -> -26), about to teleport
A: fangs 1, cold resistance 1, electricity resistance, wild magic 1
a: Receive Corpses, Renounce Religion


You were on level 9 of the Dungeon.
You worshipped Kikubaaqudgha.
Kikubaaqudgha was pleased with you.
You were hungry.

You visited 2 branches of the dungeon, and saw 10 of its levels.

You collected 526 gold pieces.
You spent 204 gold pieces at shops.

Inventory:

Hand Weapons
 a - a +2 hand crossbow
 s - a +4 dagger of electrocution (weapon)
 G - a +4 quarterstaff of chaos
 M - a +4 falchion
Missiles
 d - 20 bolts
Armour
 c - a +1 leather armour (worn)
 h - a +1 cloak (worn)
 k - a +1 pair of gloves (worn)
 B - a +0 helmet (worn)
Jewellery
 i - a ring of positive energy (left hand)
 y - a ring of fire (right hand)
 C - an uncursed amulet of rage
 J - a +3 amulet of reflection (around neck)
Wands
 m - a wand of iceblast (6)
 r - a wand of acid (8)
 z - a wand of disintegration (22)
 A - a wand of enslavement (20)
Scrolls
 g - 3 scrolls of remove curse
 j - 2 scrolls of identify
 o - 2 scrolls of enchant armour
 p - 4 scrolls of magic mapping
 u - a scroll of noise
 D - a scroll of vulnerability {unknown}
Potions
 b - a potion of cancellation {unknown}
 l - 6 potions of curing
 n - a potion of agility
 q - a potion of lignification
 t - a potion of ambrosia {unknown}
 v - 2 potions of magic {unknown}
 x - a potion of might
 E - a potion of brilliance {unknown}
 F - a potion of heal wounds
 H - a potion of blood
 K - a potion of resistance {unknown}
Comestibles
 f - 7 rations


   Skills:
 + Level 7.0 Fighting
 + Level 6.8 Short Blades
 + Level 9.4 Crossbows
 + Level 4.7 Armour
 + Level 8.3 Dodging
 + Level 3.8 Stealth
 + Level 3.0 Spellcasting
 + Level 2.7 Necromancy
 - Level 1.0 Evocations


You had 10 spell levels left.
You knew the following spells:

 Your Spells              Type           Power        Failure   Level  Hunger
a - Vampiric Draining     Necr           ##........   34%         3    ###....
b - Pain                  Necr           ##..         13%         1    #......
c - Corpse Rot            Necr           N/A          21%         2    ###....

Your spell library contained the following spells:

 Spells                   Type           Power        Failure   Level  Hunger
 Sublimation of Blood     Necr           ##........   21%         2    ###....
 Confusing Touch          Hex            #.....       36%         1    #......
 Confuse                  Hex            #.......     71%         3    ###....
 Gell's Gravitas          Tloc           #.........   71%         3    ###....
 Petrify                  Tmut/Erth      #.......     97%         4    #####..
 Metabolic Englaciation   Hex/Ice        #.........   100%        5    ######.
 Yara's Violent Unravell  Hex/Tmut       #.........   100%        5    ######.


Dungeon Overview and Level Annotations

Branches:
Dungeon (9/15)             Temple (1/1) D:7             Orc (0/2) D:9
   Lair: D:8-11

Altars:
Ashenzari
Cheibriados
Dithmenos
Elyvilon
Fedhas
Gozag
Hepliaklqana
Kikubaaqudgha
Makhleb
Nemelex Xobeh
Okawaru
Qazlal
Ru
Sif Muna
Trog
Uskayaw
Vehumet
Wu Jian
Xom
Yredelemnul
Zin
The Shining One

Shops:
D:7 =   D:8 (

Annotations:
D:9 Erica


Innate Abilities, Weirdness & Mutations

You have very sharp teeth.
Your flesh is cold resistant. (rC+)
You are resistant to electric shocks. (rElec)
Your spells are a little harder to cast, but a little more powerful.


Message History

You feel sick.
You hear some strange, mumbled words.
An orb of energy appears from out of thin air!
The orb of energy hits you!
* * * LOW HITPOINT WARNING * * *
The orb of energy explodes!
Wield which item (- for none, * to show all)? (? for menu, Esc to quit)
That's the wrong kind of item! (Use * to select it.) Wield which item (- for none, * to show all)? (? for menu, Esc to quit)
That's the wrong kind of item! (Use * to select it.) Wield which item (- for none, * to show all)? (? for menu, Esc to quit)
Okay, then.
As you read the scroll of teleportation, it crumbles to dust.
You feel strangely unstable.
You hear some strange, mumbled words.
A bolt of poison appears from out of thin air!
The bolt of poison hits you!
You are lethally poisoned!
You die...
Kikubaaqudgha rasps: "You have failed me!
Welcome... death!"

###......................###.##..
..............########...# #.....
..............#......#...# ####..
..#######.....#......#...# ..
#.....#......#...## .
#.....#.....##...>.
#.....#.....#......
##+##.....#'###.#.......
............@.###......
....[.8.....{..........
.........#####.....>...
......8.8# #......... .........#
#......... ......8.8# #.........
.........#####.######..
......8.8......+....# .
##+#............#...(#


There were no monsters in sight!

Vanquished Creatures
  A two-headed ogre (D:8)
  The ghost of Nib the Fighter, a novice DsFi of Gozag (D:8)
  Pikel (D:8)
  Maurice (D:8)
  A hippogriff (D:8)
  Grinder (D:6)
  A vampire (D:9)
  A wyvern (D:9)
  Edmund (D:4)
  A slave (D:8)
  5 ice beasts
  2 phantoms
  3 black bears
  4 necrophages (D:7)
  2 sky beasts
  5 ogres
  5 centaurs
  2 big kobolds (D:6)
  5 bullfrogs
  A wyvern skeleton (D:6)
  2 scorpions
  6 jellies
  5 killer bees (D:7)
  7 wights (D:8)
  2 howler monkeys (D:7)
  2 centaur zombies
  A crimson imp (D:6)
  A bullfrog zombie (D:8)
  Crazy Yiuf (D:6)
  A bullfrog skeleton (D:5)
  5 orc priests
  11 hounds
  8 orc wizards
  Ijyb (D:4)
  Terence (D:2)
  7 worker ants
  A centaur simulacrum (D:8)
  2 hound skeletons
  2 worker ant zombies (D:7)
  7 gnolls
  6 adders
  A shadow imp (D:7)
  2 white imps (D:8)
  An ooze (D:3)
  An adder skeleton (D:4)
  An adder zombie (D:7)
  5 worms (D:2)
  2 dart slugs (D:2)
  7 leopard geckos
  30 orcs
  2 ball pythons
  7 bats
  9 giant cockroaches
  10 hobgoblins
  17 jackals
  11 kobolds
  3 quokkas
  3 frilled lizards
  11 goblins
  A jackal skeleton (D:2)
  A leopard gecko zombie (D:5)
  13 rats
  A bush (D:7)
262 creatures vanquished.

Vanquished Creatures (others)
  2 slaves (D:8)
  A hound simulacrum (D:8)
  2 plants (D:7)
5 creatures vanquished.

Grand Total: 267 creatures vanquished

Notes
Turn   | Place    | Note
-------+----------+-------------------------------------------
     0 | D:1      | KLATTERAL the Human Hunter began the quest for the Orb.
     0 | D:1      | Reached XP level 1. HP: 16/16 MP: 1/1
    66 | D:1      | Reached XP level 2. HP: 22/22 MP: 2/2
   368 | D:1      | Reached XP level 3. HP: 19/27 MP: 3/3
  1219 | D:2      | Noticed Terence
  1338 | D:2      | Reached XP level 4. HP: 23/33 MP: 4/4
  1344 | D:2      | Reached skill level 5 in Crossbows
  1365 | D:2      | Killed Terence
  1682 | D:2      | Reached skill level 1 in Armour
  2073 | D:2      | Reached XP level 5. HP: 39/39 MP: 5/5
  2652 | D:3      | Found a deep blue altar of Sif Muna.
  2883 | D:3      | Reached XP level 6. HP: 46/46 MP: 6/6
  2895 | D:3      | Gained mutation: Your flesh is cold resistant. (rC+) [potion of mutation]
  2895 | D:3      | Gained mutation: You have very sharp teeth. [potion of mutation]
  2895 | D:3      | Gained mutation: You are resistant to electric shocks. (rElec) [potion of mutation]
  2895 | D:3      | Gained mutation: Your spells are a little harder to cast, but a little more powerful. [potion of mutation]
  3236 | D:3      | Reached skill level 1 in Short Blades
  3314 | D:3      | Reached skill level 6 in Crossbows
  3822 | D:3      | Reached XP level 7. HP: 40/52 MP: 7/7
  3986 | D:4      | Noticed Ijyb
  3991 | D:4      | Killed Ijyb
  3991 | D:4      | Reached skill level 1 in Evocations
  4277 | D:4      | Noticed Edmund
  4308 | D:4      | Killed Edmund
  4369 | D:4      | Found a deep blue altar of Sif Muna.
  4395 | D:4      | Became a worshipper of Sif Muna the Loreminder
  4548 | D:4      | Reached XP level 8. HP: 58/58 MP: 8/8
  4945 | D:4      | Found a shimmering altar of Xom.
  5132 | D:5      | Entered Level 5 of the Dungeon
  5919 | D:5      | Found a sparkling altar of Nemelex Xobeh.
  6207 | D:6      | Noticed Grinder
  6240 | D:6      | Reached skill level 5 in Dodging
  6268 | D:6      | Killed Grinder
  6268 | D:6      | Reached XP level 9. HP: 59/65 MP: 9/9
  6329 | D:6      | Reached skill level 7 in Crossbows
  6967 | D:6      | Found a white marble altar of Elyvilon.
  7201 | D:6      | Reached skill level 5 in Fighting
  7281 | D:6      | Found a runed door.
  7286 | D:6      | Noticed Crazy Yiuf
  7291 | D:6      | Killed Crazy Yiuf
  7301 | D:6      | Upgraded the game from 0.22.0-21-g8bd1b0a to 0.22.0-25-g7663229
  7488 | D:7      | Found Jiuniamm's Jewellery Shoppe.
  7492 | D:7      | Bought a +3 amulet of reflection for 204 gold pieces
  7576 | D:7      | Found a basalt altar of Yredelemnul.
  7620 | D:7      | Reached skill level 8 in Crossbows
  8027 | D:7      | Reached XP level 10. HP: 74/74 MP: 10/10
  8034 | D:7      | Found a staircase to the Ecumenical Temple.
  8073 | Temple   | Entered the Ecumenical Temple
  8232 | D:7      | Reached * piety under Sif Muna
  8239 | D:7      | Found a blossoming altar of Fedhas.
  8676 | Temple   | Fell from the grace of Sif Muna
  8676 | Temple   | Became a worshipper of Kikubaaqudgha
  9231 | D:7      | Reached skill level 5 in Short Blades
  9405 | D:7      | Found an iron altar of Okawaru.
  9732 | D:8      | Reached * piety under Kikubaaqudgha
  9732 | D:8      | Identified Kikubaaqudgha's Collected Works on Evil Secrets (Kikubaaqudgha gifted it to you on level 8 of the Dungeon)
  9732 | D:8      | Received a gift from Kikubaaqudgha
  9758 | D:8      | Learned a level 1 spell: Pain
  9768 | D:8      | Noticed a two-headed ogre
  9838 | D:8      | Learned a level 3 spell: Vampiric Draining
  9987 | D:8      | Learned a level 1 spell: Pain
 10029 | D:8      | Found Ryesedgh's Antique Weapon Shoppe.
 10039 | D:8      | Found a runed gate.
 10039 | D:8      | Found a runed gate.
 10064 | D:8      | Learned a level 2 spell: Corpse Rot
 10074 | D:8      | Found a runed gate.
 10120 | D:8      | Noticed Nib's ghost (novice DsFi)
 10629 | D:7      | Reached skill level 1 in Spellcasting
 10665 | D:7      | Reached skill level 1 in Necromancy
 10751 | D:8      | Noticed Maurice
 10910 | D:8      | Killed Maurice
 11083 | D:8      | Noticed Pikel
 11094 | D:8      | Killed Pikel
 11094 | D:8      | Reached XP level 11. HP: 82/82 MP: 14/14
 11244 | D:8      | Reached skill level 9 in Crossbows
 11495 | D:8      | Killed a two-headed ogre
 11636 | D:8      | Killed Nib's ghost
 11728 | D:9      | Noticed a two-headed ogre
 12109 | D:9      | Found a staircase to the Orcish Mines.
 12131 | D:9      | Reached ** piety under Kikubaaqudgha
 12317 | D:9      | Found a shattered altar of Ashenzari.
 12394 | D:9      | Found a snail-covered altar of Cheibriados.
 12442 | D:9      | Noticed Erica
 12482 | D:9      | Killed from afar by Erica

Skill      XL: |  1  2  3  4  5  6  7  8  9 10 11 |
---------------+----------------------------------+-----
Crossbows      | 5 6 8 9 |  9.4
Armour         | 1 2 3 4 |  4.7
Dodging        | 3 4 5 6 7 8 |  8.3
Short Blades   | 1 2 3 4 5 6 |  6.8
Fighting       | 3 4 5 6 7 |  7.0
Evocations     | 1 |  1.0
Stealth        | 2 3 |  3.8
Spellcasting   | 2 3 |  3.0
Necromancy     | 1 2 |  2.7

Action                   |  1- 3 |  4- 6 |  7- 9 | 10-12 || total
-------------------------+-------+-------+-------+-------++-------
Melee: Short sword       |    50 |    44 |       |       ||    94
       Hand crossbow     |     1 |       |     5 |     1 ||     7
       Dagger            |       |    90 |   235 |   373 ||   698
       Bite              |       |     4 |    27 |    52 ||    83
 Fire: Hand crossbow     |    65 |    91 |   126 |    97 ||   379
 Cast: Corpse Rot        |       |       |       |    13 ||    13
       Pain              |       |       |       |     1 ||     1
Invok: Receive Corpses   |       |       |       |     1 ||     1
Evoke: Wand              |       |     1 |     4 |       ||     5
  Use: Scroll            |     1 |     4 |    13 |    10 ||    28
       Potion            |     1 |     3 |     3 |     2 ||     9
 Stab: Sleeping          |     2 |       |     2 |       ||     4
  Eat: Chunk             |     1 |     8 |     3 |     6 ||    18
       Ration            |       |       |     3 |     3 ||     6
Armor: Leather armour    |    30 |    37 |    59 |    96 ||   222
       Skin              |       |       |     7 |       ||     7
Dodge: Dodged            |    63 |   103 |   140 |   242 ||   548
Block: Other             |       |       |       |    37 ||    37
       Reflection        |       |       |       |     1 ||     1
